[Event "Titled Tuesday Blitz March 29 Late 2022"]
[White "Le Goff, Ronan"]
[Black "Guz, Ari"]
[WhiteFideId "612073"]
[BlackFideId "2825759"]
[WhiteElo "2276"]
[BlackElo "1913"]
[Result "0-1"]
[Round "06"]
[TimeControl "180+1"]
[Date "2022.03.30"]
[WhiteClock "0:00:23"]
[BlackClock "0:00:14"]

1. d4 Nf6 2. Nf3 g6 3. Nc3 d5 4. Bf4 Bg7 5. Nb5 Na6 6. e3 O-O 7. h3 c5 8. Nc3 Qb6 9. Rb1 Bf5 10. Be2 Nb4 11. Rc1 Nc6 12. Rb1 cxd4 13. exd4 Ne4 14. O-O Rfd8 15. Nb5 Rac8 16. c3 Qa5 17. a4 a6 18. Na3 Nd6 19. Nc2 Qxa4 20. Bd3 Bxd3 21. Qxd3 Qc4 22. Qe3 Nf5 23. Qd2 Na5 24. Ne3 Nxe3 25. Qxe3 e6 26. Bh6 Qc7 27. Bf4 Qb6 28. Bg5 Re8 29. h4 Nc4 30. Qc1 Nd6 31. h5 Ne4 32. Bh6 Qd8 33. Bxg7 Kxg7 34. h6+ Kh8 35. Qf4 Qf6 36. Qh2 Qf5 37. Rbd1 f6 38. Rfe1 g5 39. Re2 Kg8 40. Ne1 g4 41. f3 g3 42. Qh4 Qg5 43. Qh3 Nf2 44. Rxf2 gxf2+ 45. Kxf2 Kf7 46. Nd3 Rg8 47. Re1 Rce8 48. Re2 Rg6 49. Qh2 Rxh6 50. Qc7+ Re7 51. Qd8 Qh4+ 52. Kf1 Qh1+ 53. Kf2 Rg6 54. Ne1 Qh4+ 55. Ke3 Qg5+ 56. Kd3 Qf5+ 57. Kd2 Qf4+ 58. Kd1 Qc7 59. Qh8 Rg7 60. Nd3 Qc4 61. Kd2 Re8 62. Qxe8+ Kxe8 63. Rxe6+ Kf7 64. Re2 Qc7 65. Nc5 Qh2 66. Kd3 Rxg2 67. Re3 Rd2# 0-1


[Site "https://www.chess.com"]

[Event "Titled Tuesday Blitz March 29 Late 2022"]
[White "Lewtak, Damian"]
[Black "Cervantes Landeiro, Thalia"]
[WhiteFideId "1141724"]
[BlackFideId "3520498"]
[WhiteElo "2362"]
[BlackElo "2021"]
[Result "1-0"]
[Round "06"]
[TimeControl "180+1"]
[Date "2022.03.30"]
[WhiteClock "0:00:22"]
[BlackClock "0:00:02"]

1. d4 Nf6 2. Nf3 g6 3. Bf4 d5 4. e3 Bg7 5. h3 O-O 6. c3 c5 7. Nbd2 b6 8. Bd3 Bb7 9. O-O Nc6 10. Re1 Nd7 11. Bg3 e5 12. dxe5 Ndxe5 13. Be2 d4 14. cxd4 cxd4 15. exd4 Nxf3+ 16. Bxf3 Qxd4 17. Ne4 Rad8 18. Rc1 Nb4 19. Bd6 Nxa2 20. Qxd4 Bxd4 21. Rcd1 Bxb2 22. Bxf8 Rxd1 23. Rxd1 Kxf8 24. Rd2 Bxe4 25. Rxb2 Nc3 26. Bxe4 Nxe4 27. Ra2 a5 28. Rb2 Ke7 29. Rxb6 Nd6 30. Kf1 Nc4 31. Rb5 Kd6 32. Ke2 Kc6 33. Rb8 a4 34. Kd3 Ne5+ 35. Kc3 Nd7 36. Ra8 Nc5 37. Ra7 1-0


[Site "https://www.chess.com"]

[Event "Titled Tuesday Blitz March 29 Late 2022"]
[White "Li, Ben"]
[Black "Ezat, Mohamed"]
[WhiteFideId "2089980"]
[BlackFideId "10600906"]
[WhiteElo "2267"]
[BlackElo "2386"]
[Result "1-0"]
[Round "06"]
[TimeControl "180+1"]
[Date "2022.03.29"]
[WhiteClock "0:00:26"]
[BlackClock "0:00:14"]

1. d4 Nf6 2. c4 g6 3. Nc3 Bg7 4. e4 O-O 5. Nf3 d6 6. h3 c5 7. d5 e6 8. Bd3 exd5 9. exd5 Re8+ 10. Be3 Nh5 11. O-O f5 12. Qd2 Nd7 13. Rfe1 Ne5 14. Nxe5 Bxe5 15. Bg5 Qd7 16. Kh1 Rf8 17. f4 Bf6 18. Bxf6 Nxf6 19. Re2 Qg7 20. Rae1 Bd7 21. a3 Rae8 22. b4 b6 23. Bc2 Rxe2 24. Rxe2 Re8 25. Rxe8+ Bxe8 26. Qe3 Bd7 27. Kh2 Kf8 28. bxc5 bxc5 29. Ba4 Bc8 30. Nb5 Qe7 31. Qf2 Ne4 32. Qb2 Kg8 33. Bc2 a6 34. Nc3 Nd2 35. Qb8 Qf8 36. Bd3 Bd7 37. Qa7 Qe7 38. Qxa6 g5 39. Ne2 g4 40. Qa5 g3+ 41. Nxg3 Qe3 42. Qd8+ Be8 43. Bxf5 Qxf4 44. Qxe8+ Kg7 45. Qe7+ Kg8 46. Be6+ Kh8 47. Qe8+ Kg7 48. Qg8+ Kh6 49. Kg1 Qe3+ 50. Kh1 Qe1+ 51. Kh2 Qe5 52. Qf8+ Kg5 53. Qf5+ Qxf5 54. Nxf5 Nxc4 55. a4 Kf6 56. Kg3 Ke5 57. Kf3 Nb6 58. a5 Nxd5 59. Bxd5 Kxd5 60. Ke3 Kc6 61. Kd3 d5 62. g4 Kb5 63. g5 Kxa5 64. h4 Kb4 65. h5 c4+ 66. Kc2 d4 67. Nxd4 Kc5 68. g6 hxg6 69. hxg6 Kxd4 70. g7 c3 71. g8=Q Ke3 72. Qb3 Kd4 73. Qxc3+ Ke4 74. Kd2 Kf4 75. Ke2 Ke4 76. Qc4+ 1-0


[Site "https://www.chess.com"]

[Event "Titled Tuesday Blitz March 29 Late 2022"]
[White "Lin, Dachey"]
[Black "Omariev, Maksim"]
[WhiteFideId "2029650"]
[BlackFideId "4193423"]
[WhiteElo "2313"]
[BlackElo "2522"]
[Result "1-0"]
[Round "06"]
[TimeControl "180+1"]
[Date "2022.03.29"]
[WhiteClock "0:02:09"]
[BlackClock "0:00:28"]

1. g4 d5 2. Bg2 Bxg4 3. c4 c6 4. Qb3 e6 5. cxd5 exd5 6. Qxb7 Nd7 7. d4 Ngf6 8. Nc3 Rb8 9. Qxc6 Bb4 10. Nf3 O-O 11. O-O Rb6 12. Qa4 Re8 13. Be3 Bxc3 14. bxc3 Ne4 15. Rac1 Rg6 16. Kh1 Ree6 17. c4 Nb6 18. Qa5 Nxc4 19. Qxd8+ 1-0


[Site "https://www.chess.com"]

[Event "Titled Tuesday Blitz March 29 Late 2022"]
[White "Ljukin, Sergei"]
[Black "Rabineau, Clement"]
[WhiteFideId "14102200"]
[BlackFideId "628891"]
[WhiteElo "2312"]
[BlackElo "2237"]
[Result "1-0"]
[Round "06"]
[TimeControl "180+1"]
[Date "2022.03.30"]
[WhiteClock "0:02:34"]
[BlackClock "0:01:55"]

1. e4 d6 2. d4 g6 3. Nc3 Bg7 4. f4 Nf6 5. Nf3 O-O 6. Bd3 Na6 7. e5 Ne8 8. Be3 c5 9. exd6 cxd4 10. Bxd4 Nxd6 11. Bxg7 Kxg7 12. Bxa6 bxa6 13. Qd4+ Kg8 14. O-O-O Qb6 15. Qxb6 axb6 16. Nd5 Bg4 17. Nxe7+ 1-0


[Site "https://www.chess.com"]

[Event "Titled Tuesday Blitz March 29 Late 2022"]
[White "Martin Duque, Jesus"]
[Black "Manolache, Marius"]
[WhiteFideId "2208954"]
[BlackFideId "1201530"]
[WhiteElo "2243"]
[BlackElo "2389"]
[Result "1-0"]
[Round "06"]
[TimeControl "180+1"]
[Date "2022.03.29"]
[WhiteClock "0:00:12"]
[BlackClock "0:00:24"]

1. Nf3 d5 2. b3 Bg4 3. e3 Nd7 4. Bb2 c6 5. h3 Bh5 6. d3 e6 7. Nbd2 a5 8. a3 Bg6 9. Qe2 Qb6 10. Nh4 Ngf6 11. g4 e5 12. Bg2 Be7 13. O-O Ng8 14. Nxg6 hxg6 15. c4 Ngf6 16. g5 Nh7 17. h4 Nhf8 18. Qg4 dxc4 19. Nxc4 Qxb3 20. Rab1 Qxd3 21. Nxe5 Qf5 22. Qg3 Ne6 23. Nxd7 Kxd7 24. Bh3 Qe4 25. Bxg7 Rxh4 26. Rxb7+ Ke8 27. Rfb1 Rd8 28. f4 Rxh3 29. Qxh3 Nxg7 30. Rb8 Nh5 31. Rxd8+ Bxd8 32. Rd1 Bb6 33. Qc8+ Ke7 34. Rd7+ Ke6 35. Rd4+ 1-0


[Site "https://www.chess.com"]

[Event "Titled Tuesday Blitz March 29 Late 2022"]
[White "Martinez Reyes, Pedro Ramon"]
[Black "Hoffmann, Asa"]
[WhiteFideId "3901807"]
[BlackFideId "2001470"]
[WhiteElo "2410"]
[BlackElo "2117"]
[Result "1-0"]
[Round "06"]
[TimeControl "180+1"]
[Date "2022.03.30"]
[WhiteClock "0:00:06"]
[BlackClock "0:00:01"]

1. g4 d6 2. Bg2 c6 3. h3 g6 4. d3 Bg7 5. e4 e5 6. Nc3 Ne7 7. f4 d5 8. f5 gxf5 9. gxf5 Bf6 10. Qh5 Rg8 11. Bf3 Qb6 12. Nge2 Nd7 13. a4 a5 14. b3 d4 15. Nd1 Nc5 16. Nf2 Bd7 17. Ng4 Bh8 18. Bg5 Nxd3+ 19. cxd3 Qxb3 20. Rd1 Qxa4 21. Kf2 Qb4 22. Rhg1 Qd6 23. h4 a4 24. Qxh7 O-O-O 25. Qxf7 Rde8 26. Qc4 b5 27. Qc2 Kb7 28. Rb1 Nc8 29. Qxa4 Nb6 30. Qc2 Ra8 31. Ra1 Na4 32. Qb3 Nc5 33. Qc2 Na4 34. Rgb1 Kc7 35. Ra2 Bg7 36. Rc1 Ra6 37. Raa1 Rf8 38. Rab1 1-0


[Site "https://www.chess.com"]

[Event "Titled Tuesday Blitz March 29 Late 2022"]
[White "Melkumyan, Hrant"]
[Black "Martinez Alcantara, Jose Eduardo"]
[WhiteFideId "13302485"]
[BlackFideId "3805662"]
[WhiteElo "2604"]
[BlackElo "2690"]
[Result "1-0"]
[Round "06"]
[TimeControl "180+1"]
[Date "2022.03.29"]
[WhiteClock "0:00:13"]
[BlackClock "0:00:01"]

1. d4 Nf6 2. c4 e6 3. Nf3 Bb4+ 4. Nc3 b6 5. e3 Bb7 6. Bd3 Bxc3+ 7. bxc3 c5 8. O-O d6 9. Nd2 O-O 10. e4 Nc6 11. Bb2 e5 12. Re1 Re8 13. f3 Qd7 14. Bc2 Na5 15. d5 Ba6 16. Ba4 b5 17. cxb5 Bxb5 18. Bxb5 Qxb5 19. Qc2 Nc4 20. Qd3 Na3 21. Qxb5 Nxb5 22. Nc4 Reb8 23. Reb1 Ne8 24. Na5 Rb6 25. Nc6 Kf8 26. a4 Nbc7 27. Bc1 f5 28. Kf2 Nf6 29. c4 fxe4 30. a5 Rxb1 31. Rxb1 exf3 32. gxf3 a6 33. Rb7 Nce8 34. f4 e4 35. f5 Ng4+ 36. Kg3 Ne5 37. Nxe5 dxe5 38. Be3 Rc8 39. Rb6 Ke7 40. Rxa6 Nd6 41. Bg5+ Kd7 42. Ra7+ Rc7 43. Ra8 Rb7 44. a6 Rb3+ 45. Kg2 Ra3 46. a7 Nc8 47. Be3 Ra2+ 48. Kg3 Ra3 49. Kg4 Rxa7 50. Rxa7+ Nxa7 51. Bxc5 Nc8 52. h4 Ke8 53. h5 h6 54. Kg3 Kf7 55. Kg4 Ke8 56. Kh4 Kd7 57. Kg3 Ke8 58. Kf2 Kf7 59. Ke3 Kf6 60. Kxe4 Kg5 61. Be3+ Kf6 62. c5 Ne7 63. c6 Nxf5 64. Bc5 Ng3+ 65. Kd3 e4+ 66. Kc4 e3 67. Bxe3 Nf5 68. Bf2 Ke7 69. Kc5 Kd8 70. d6 Kc8 71. d7+ Kd8 72. Be1 Ke7 73. Ba5 1-0


[Site "https://www.chess.com"]

[Event "Titled Tuesday Blitz March 29 Late 2022"]
[White "Meza, Anahi"]
[Black "Bernat, David"]
[WhiteFideId "111325"]
[BlackFideId "2099225"]
[WhiteElo "1968"]
[BlackElo "2309"]
[Result "1-0"]
[Round "06"]
[TimeControl "180+1"]
[Date "2022.03.30"]
[WhiteClock "0:00:37"]
[BlackClock "0:00:10"]

1. d4 d5 2. c4 e5 3. dxe5 d4 4. Nf3 Nc6 5. Bf4 Bb4+ 6. Bd2 Qe7 7. g3 Nh6 8. Bg2 Ng4 9. O-O Ngxe5 10. Nxe5 Nxe5 11. Qa4+ Bd7 12. Qxb4 c5 13. Qxb7 O-O 14. Qb3 Rab8 15. Qc2 Qf6 16. Bf4 Bf5 17. Qc1 Rb4 18. Nd2 Ng6 19. a3 Nxf4 20. gxf4 Rb6 21. Nf3 Rfb8 22. b4 cxb4 23. axb4 Rxb4 24. Ne5 Rb1 25. Qd2 Rxf1+ 26. Rxf1 Qd6 27. Bd5 Be6 28. Qxd4 Bxd5 29. Qxd5 Qxd5 30. cxd5 Rd8 31. e4 f5 32. Nc6 Rd6 33. e5 Rxd5 34. Ne7+ 1-0


[Site "https://www.chess.com"]

[Event "Titled Tuesday Blitz March 29 Late 2022"]
[White "Milanovic, Marko"]
[Black "Kalavannan, Koby"]
[WhiteFideId "980129"]
[BlackFideId "425753"]
[WhiteElo "2159"]
[BlackElo "1927"]
[Result "1-0"]
[Round "06"]
[TimeControl "180+1"]
[Date "2022.03.30"]
[WhiteClock "0:01:07"]
[BlackClock "0:00:02"]

1. e4 c5 2. Nf3 Nc6 3. Bb5 Nf6 4. Bxc6 dxc6 5. d3 Bg4 6. Nc3 c4 7. dxc4 Qxd1+ 8. Kxd1 O-O-O+ 9. Ke2 Nd7 10. h3 Bxf3+ 11. gxf3 e5 12. Be3 Bc5 13. Rad1 Bxe3 14. fxe3 Nc5 15. Rxd8+ Rxd8 16. Rd1 Rxd1 17. Nxd1 Kd7 18. b3 Ke6 19. Nf2 Na6 20. Nd3 f6 21. Kd2 b6 22. Kc3 c5 23. a3 Kd6 24. b4 Nc7 25. Kb3 Ne6 26. h4 g5 27. h5 h6 28. Nf2 Ng7 29. Ng4 Nxh5 30. Nxh6 Ng3 31. Ng4 Nf1 32. Kc3 Ke6 33. Kd3 Ng3 34. c3 Nh5 35. Kc2 Ng3 36. Kd3 Nh5 37. Nh6 Ng3 38. Kd2 Nf1+ 39. Ke2 Ng3+ 40. Kf2 Nh5 41. Nf5 Kf7 42. Nd6+ Ke6 43. Nc8 cxb4 44. cxb4 a5 45. Nxb6 axb4 46. axb4 Ng7 47. Nd5 Ne8 48. Ke2 Nd6 49. Kd3 f5 50. c5 fxe4+ 51. fxe4 Nc8 52. Ke2 Kd7 53. Kf3 Kc6 54. Kg4 Kb5 55. Kxg5 Na7 56. Kf5 Nc6 57. Ke6 Kc4 58. Kd6 Kb5 59. Nc7+ Kxb4 60. Kxc6 Kc4 61. Nd5 Kd3 62. Kd6 Kxe4 63. c6 1-0


[Site "https://www.chess.com"]

[Event "Titled Tuesday Blitz March 29 Late 2022"]
[White "Miszler, Levente"]
[Black "Bogumil, Tatiana"]
[WhiteFideId "763276"]
[BlackFideId "4110579"]
[WhiteElo "1966"]
[BlackElo "1761"]
[Result "1-0"]
[Round "06"]
[TimeControl "180+1"]
[Date "2022.03.30"]
[WhiteClock "0:00:38"]
[BlackClock "0:00:02"]

1. c4 Nf6 2. Nc3 b6 3. e4 d6 4. d4 Bb7 5. Bd3 c5 6. d5 g6 7. f4 Bg7 8. Nf3 O-O 9. e5 Ne8 10. Qe2 a6 11. Ng5 b5 12. e6 fxe6 13. Nxe6 Qd7 14. Nxf8 Kxf8 15. O-O bxc4 16. Bxc4 Nf6 17. f5 Bc8 18. fxg6 hxg6 19. Ne4 Qg4 20. Qxg4 Bxg4 21. Bg5 Nd7 22. Nxf6 Bxf6 23. Bxf6 exf6 24. Bd3 Kg7 25. h3 Ne5 26. Bxa6 Bxh3 27. gxh3 Rxa6 28. a4 Nd3 29. Rfb1 f5 30. a5 Kf6 31. Ra3 Nb4 32. Re1 Nxd5 33. Re8 Nb4 34. Rb8 Nd5 35. Kf2 Ke6 36. Kf3 Kd7 37. Rb5 Kc6 38. Rb8 g5 39. Rg8 g4+ 40. hxg4 fxg4+ 41. Rxg4 Kb5 42. Rg6 Nb4 43. Rg8 Nc6 44. Rg7 Rxa5 45. Rxa5+ Kxa5 46. Ke2 Nd4+ 47. Kd3 Kb5 48. Rb7+ Kc6 49. Rb8 Nb5 50. Kc4 d5+ 51. Kd3 c4+ 52. Kc2 Kc5 53. Rc8+ Kb4 54. Rb8 Kc5 55. Kd2 Nd4 56. Ke3 1-0


[Site "https://www.chess.com"]

[Event "Titled Tuesday Blitz March 29 Late 2022"]
[White "Moral Garcia, Serafin"]
[Black "Yuan, Qingyu"]
[WhiteFideId "2201925"]
[BlackFideId "8609772"]
[WhiteElo "2228"]
[BlackElo "2359"]
[Result "1-0"]
[Round "06"]
[TimeControl "180+1"]
[Date "2022.03.29"]
[WhiteClock "0:00:27"]
[BlackClock "0:00:02"]

1. c4 e6 2. g3 d5 3. Bg2 Nf6 4. Nf3 dxc4 5. Qa4+ Bd7 6. Qxc4 c5 7. Nc3 Bc6 8. O-O Nbd7 9. d3 Be7 10. h3 O-O 11. Bf4 Rc8 12. Rac1 a6 13. Qb3 b5 14. Rfd1 Qb6 15. a3 h6 16. Ne5 Nxe5 17. Bxe5 Bxg2 18. Kxg2 Rfd8 19. a4 Nd5 20. axb5 Nxc3 21. Qxc3 f6 22. Bf4 axb5 23. Be3 Rd5 24. b4 Qb7 25. f3 c4 26. d4 Ra8 27. Ra1 Rdd8 28. Bf2 f5 29. g4 fxg4 30. hxg4 Qc6 31. e4 Qd6 32. Be1 Rxa1 33. Qxa1 Qc6 34. Qa7 Qd7 35. Qxd7 Rxd7 36. Kf2 Kf7 37. Ke3 g6 38. d5 exd5 39. exd5 Bf6 40. d6 Be5 41. Ke4 Ke6 42. Rd5 Bxd6 43. Rxb5 Rc7 44. Bc3 Rc6 45. f4 Ra6 46. f5+ gxf5+ 47. gxf5+ Kd7 48. Kd5 Bc7 49. f6 Rd6+ 50. Kxc4 Ke6 51. Rh5 Rc6+ 52. Kb3 Bf4 53. b5 Rb6 54. Kb4 Bg5 55. Bd4 Rb7 56. b6 Kd5 57. Be3 Ke4 58. Bxg5 hxg5 59. Kb5 Kf5 60. Kc6 Rf7 61. Rh6 g4 62. b7 Rf8 63. f7 1-0


[Site "https://www.chess.com"]

[Event "Titled Tuesday Blitz March 29 Late 2022"]
[White "Mortazavi, Ali"]
[Black "Oganian, Miran"]
[WhiteFideId "401323"]
[BlackFideId "4122488"]
[WhiteElo "2339"]
[BlackElo "2357"]
[Result "1/2-1/2"]
[Round "06"]
[TimeControl "180+1"]
[Date "2022.03.29"]
[WhiteClock "0:00:12"]
[BlackClock "0:00:06"]

1. Nf3 d5 2. g3 Nf6 3. Bg2 e6 4. O-O b5 5. d3 Bb7 6. a4 b4 7. b3 g6 8. Bb2 Bg7 9. Nbd2 O-O 10. Qe1 c5 11. e4 Nc6 12. Rd1 Qc7 13. Ba1 Rfe8 14. h3 Rad8 15. Qe3 Nd4 16. Nxd4 cxd4 17. Bxd4 e5 18. Ba1 dxe4 19. Qxa7 exd3 20. cxd3 Re7 21. Qxb7 Qxb7 22. Bxb7 Rxb7 23. Nc4 Nd7 24. d4 exd4 25. Bxd4 Ra8 26. Bxg7 Kxg7 27. Rd5 Nf6 28. Re5 Rd8 29. Rfe1 Rd3 30. R1e3 Rd1+ 31. Kg2 Nd5 32. Rf3 Nc3 33. Re8 Rb1 34. Ne5 Rxb3 35. Ng4 Rb1 36. Nf6 Rb6 37. Rg8+ Kh6 38. Ng4+ Kg5 39. Rf4 Ne2 40. h4+ Kh5 41. Nf6+ Kh6 42. Ng4+ Kh5 43. Nf6+ Rxf6 44. Rxf6 b3 45. Rxf7 h6 46. Kh3 Ng1+ 47. Kg2 b2 48. Rf4 Ne2 49. Rb4 Rg1+ 50. Kh2 b1=Q 51. Rxb1 Rxb1 52. Re8 g5 53. Rxe2 gxh4 54. Re5+ Kg4 55. Re4+ Kf3 56. Rxh4 Kxf2 57. Rf4+ Ke3 58. Kg2 Ra1 59. Kh3 h5 60. Kh4 Rh1+ 61. Kg5 Rg1 62. Kh4 Rh1+ 63. Kg5 Rg1 64. Kxh5 Rxg3 65. Rg4 Rxg4 66. Kxg4 Kd4 67. a5 Kc5 68. a6 Kb6 69. a7 Kxa7 1/2-1/2


[Site "https://www.chess.com"]

[Event "Titled Tuesday Blitz March 29 Late 2022"]
[White "Moskalenko, Alexander"]
[Black "Nazari, Arad"]
[WhiteFideId "4155351"]
[BlackFideId "12577324"]
[WhiteElo "2475"]
[BlackElo "2120"]
[Result "0-1"]
[Round "06"]
[TimeControl "180+1"]
[Date "2022.03.29"]
[WhiteClock "0:00:22"]
[BlackClock "0:00:47"]

1. Nf3 Nf6 2. e3 g6 3. b3 Bg7 4. Bb2 O-O 5. Be2 d5 6. O-O c5 7. c4 Nc6 8. cxd5 Nxd5 9. Bxg7 Kxg7 10. d4 cxd4 11. Nxd4 Nxd4 12. Qxd4+ Nf6 13. Qxd8 Rxd8 14. Bf3 Rb8 15. Nc3 Bf5 16. Rfd1 Rdc8 17. Rac1 a6 18. e4 Bg4 19. Bxg4 Nxg4 20. f3 Ne5 21. f4 Nc6 22. Kf2 e5 23. g3 b5 24. Nd5 a5 25. Ke3 exf4+ 26. gxf4 Nb4 27. Nxb4 axb4 28. e5 Rc3+ 29. Rxc3 bxc3 30. b4 Ra8 31. Rc1 Rxa2 32. Rxc3 Rb2 33. Rc7 Kg8 34. Rc8+ Kg7 35. Rc7 Rb3+ 36. Ke4 Rxb4+ 37. Kf3 Kg8 38. Rc8+ Kg7 39. Rc7 Rb3+ 40. Kf2 Kf8 41. Rb7 b4 42. Kg2 h5 43. Rb8+ Ke7 44. Rb7+ Ke6 45. Rb6+ Kf5 46. Rf6+ Kg4 47. Rxf7 Rb2+ 48. Kf1 Kf3 49. Ke1 Rxh2 50. Kd1 b3 51. Kc1 h4 52. f5 gxf5 53. Rxf5+ Ke4 54. Rh5 Kd5 55. Kb1 h3 56. Ka1 Ra2+ 57. Kb1 h2 58. Rh3 Rg2 59. e6 Kxe6 60. Rh6+ Kf5 61. Rxh2 Rxh2 62. Ka1 Ke4 63. Kb1 Kd3 0-1


[Site "https://www.chess.com"]

[Event "Titled Tuesday Blitz March 29 Late 2022"]
[White "Naroditsky, Daniel"]
[Black "Van Foreest, Jorden"]
[WhiteFideId "2026961"]
[BlackFideId "1039784"]
[WhiteElo "2608"]
[BlackElo "2609"]
[Result "0-1"]
[Round "06"]
[TimeControl "180+1"]
[Date "2022.03.29"]
[WhiteClock "0:00:01"]
[BlackClock "0:00:15"]

1. Nf3 d5 2. d4 Nf6 3. e3 e6 4. Bd3 Bd6 5. O-O O-O 6. b3 b6 7. Bb2 Bb7 8. c4 c5 9. Nbd2 Nbd7 10. cxd5 exd5 11. Ne5 cxd4 12. exd4 Ne4 13. f3 Nxe5 14. Bxe4 dxe4 15. dxe5 Bc5+ 16. Kh1 e3 17. Nc4 Qxd1 18. Rfxd1 Rad8 19. Re1 Rd3 20. Bc1 e2 21. Bf4 Rxf3 22. Bg3 Bf2 23. Rxe2 Bxg3 24. hxg3 Rxg3 25. Rd1 Bc6 26. Nd6 Rg6 27. Rc1 Bd5 28. Rc7 h5 29. Rxa7 h4 30. Nf5 Re8 31. Ne7+ Rxe7 32. Rxe7 h3 33. Rd7 hxg2+ 34. Kg1 Bc6 35. Rd6 Kh7 36. Rxg6 Kxg6 37. e6 f5 38. e7 Kf7 39. a4 f4 40. e8=Q+ Bxe8 41. Kxg2 Bc6+ 42. Kf2 g5 43. Rc2 Bd5 44. Rd2 Ke6 45. b4 g4 46. Rd3 g3+ 0-1


[Site "https://www.chess.com"]

[Event "Titled Tuesday Blitz March 29 Late 2022"]
[White "Nazaretyan, Tigran"]
[Black "Estrada Nieto, Julian"]
[WhiteFideId "24162345"]
[BlackFideId "5101018"]
[WhiteElo "2219"]
[BlackElo "2246"]
[Result "1-0"]
[Round "06"]
[TimeControl "180+1"]
[Date "2022.03.30"]
[WhiteClock "0:00:18"]
[BlackClock "0:00:02"]

1. d4 d5 2. c4 dxc4 3. e3 Nf6 4. Bxc4 e6 5. Nf3 a6 6. a4 c5 7. O-O Nc6 8. Qe2 Be7 9. Rd1 O-O 10. Nc3 Qc7 11. h3 b6 12. b3 Bb7 13. d5 exd5 14. Nxd5 Nxd5 15. Bxd5 Na5 16. Qc2 Bxd5 17. Rxd5 Rad8 18. Rxd8 Rxd8 19. Bb2 Qd7 20. Bc3 Nc6 21. Qe4 Qe6 22. Qxe6 fxe6 23. Kf1 Rd3 24. Rc1 Bf6 25. Bxf6 gxf6 26. Rb1 Rc3 27. Ke2 Rc2+ 28. Nd2 e5 29. g4 Nb4 30. f4 Kf7 31. fxe5 fxe5 32. Rf1+ Ke6 33. Rf8 Nd5 34. Rh8 Nf6 35. Kd3 Rb2 36. g5 e4+ 37. Kc3 Ra2 38. gxf6 Kxf6 39. Rxh7 b5 40. axb5 axb5 41. Nxe4+ Ke5 42. Nxc5 Re2 43. Re7+ Kd6 44. Kd3 Rb2 45. Rh7 Kxc5 46. Kc3 Re2 47. Rh5+ 1-0


[Site "https://www.chess.com"]

[Event "Titled Tuesday Blitz March 29 Late 2022"]
[White "Needleman, Alejandro"]
[Black "Rangel, Daniel"]
[WhiteFideId "100730"]
[BlackFideId "2124475"]
[WhiteElo "2247"]
[BlackElo "2225"]
[Result "1-0"]
[Round "06"]
[TimeControl "180+1"]
[Date "2022.03.30"]
[WhiteClock "0:00:16"]
[BlackClock "0:00:01"]

1. e4 c5 2. Nf3 g6 3. d4 cxd4 4. Nxd4 Bg7 5. Nc3 Nc6 6. Nf3 d6 7. Bc4 Nf6 8. h3 O-O 9. O-O a6 10. Re1 b5 11. Bb3 Bb7 12. Nd5 Na5 13. c3 Nxb3 14. axb3 e6 15. Nxf6+ Bxf6 16. Bh6 Re8 17. Qd2 Qc7 18. Rad1 Rad8 19. Qf4 Bh8 20. Nh2 Be5 21. Qh4 f5 22. exf5 gxf5 23. Qg5+ Bg7 24. Rd3 Kh8 25. Rxe6 Rxe6 26. Bxg7+ Kg8 27. Bf6+ Kf8 28. Bxd8 Qc6 29. Rg3 Ke8 30. Qg8+ Kd7 31. Rg7+ Kc8 32. Rc7+ Qxc7 33. Bxc7+ Kd7 34. Qf7+ Re7 35. Qxf5+ Kxc7 36. Nf3 Rd7 37. Nd4 Bc6 38. f3 Bb7 39. Kf2 Re7 40. g4 Rd7 41. h4 Re7 42. g5 Re5 43. Qxh7+ Kb6 44. Qd3 a5 45. g6 b4 46. cxb4 Re8 47. g7 Kc7 48. Qc4+ 1-0


[Site "https://www.chess.com"]

[Event "Titled Tuesday Blitz March 29 Late 2022"]
[White "Pakleza, Zbigniew"]
[Black "Al-Tarboush, Ward"]
[WhiteFideId "1119290"]
[BlackFideId "7601450"]
[WhiteElo "2467"]
[BlackElo "2276"]
[Result "1-0"]
[Round "06"]
[TimeControl "180+1"]
[Date "2022.03.29"]
[WhiteClock "0:00:10"]
[BlackClock "0:00:04"]

1. d4 d5 2. Bf4 Nf6 3. e3 c5 4. c3 Nc6 5. Nd2 Bf5 6. Ngf3 e6 7. Bb5 Qb6 8. Qa4 a6 9. Bxc6+ Qxc6 10. Qxc6+ bxc6 11. Nb3 c4 12. Na5 c5 13. Nb7 cxd4 14. Nxd4 Bd3 15. f3 Nh5 16. Be5 Be7 17. Nc6 Rc8 18. Nxe7 Kxe7 19. g4 Nf6 20. b4 Ne8 21. Nc5 Bg6 22. Nxa6 f6 23. Bg3 e5 24. Nc5 Nd6 25. a4 Bd3 26. Kd2 Bg6 27. h4 Be8 28. h5 Bc6 29. Ke2 Ra8 30. Rhd1 Rhc8 31. Bh4 Nf7 32. f4 Kf8 33. Bf2 Kg8 34. b5 Be8 35. Na6 f5 36. Rxd5 fxg4 37. fxe5 Ng5 38. Bg3 Ne4 39. Be1 Bxh5 40. Rd4 Bg6 41. Rad1 g3 42. e6 Bh5+ 43. Kf1 Rf8+ 44. Kg2 Bxd1 45. Rxd1 Rae8 46. Nc7 Re7 47. Rd7 Rxd7 48. exd7 Rd8 49. b6 Rxd7 50. b7 Rd8 51. Na6 Kf7 52. b8=Q Rxb8 53. Nxb8 Nc5 54. a5 Na4 55. a6 Nb6 56. a7 Ke6 57. Bxg3 Na8 58. e4 h5 59. Bf4 Kf6 60. Nd7+ Ke6 61. Nc5+ Kf6 62. Na6 g5 63. Nc7 Nb6 64. Be3 1-0


[Site "https://www.chess.com"]

[Event "Titled Tuesday Blitz March 29 Late 2022"]
[White "Papasimakopoulos, Alexandros"]
[Black "Holt, Conrad"]
[WhiteFideId "4244125"]
[BlackFideId "2034387"]
[WhiteElo "2340"]
[BlackElo "2586"]
[Result "0-1"]
[Round "06"]
[TimeControl "180+1"]
[Date "2022.03.29"]
[WhiteClock "0:00:27"]
[BlackClock "0:00:06"]

1. d4 d5 2. c4 c6 3. cxd5 cxd5 4. Bf4 Nc6 5. e3 e6 6. Nc3 Bd6 7. Bxd6 Qxd6 8. Bd3 Nf6 9. f4 O-O 10. Nf3 Bd7 11. O-O Rfc8 12. Ne5 Ne7 13. g4 Be8 14. g5 Nd7 15. Rf3 Nf5 16. Rh3 Nf8 17. Qf3 Qb4 18. Bxf5 Qxb2 19. Rb1 Qxc3 20. Bxh7+ Nxh7 21. Qh5 Qc2 22. Rf1 Qf5 23. Qh4 f6 24. gxf6 Rc7 25. Ng4 Rac8 26. Rg3 Kh8 27. e4 dxe4 28. Rh3 gxf6 29. Nh6 Rg7+ 30. Kh1 Qd5 31. Re3 Bb5 32. Rd1 Rf8 33. h3 Bc6 34. Kh2 f5 35. Rg3 Qd8 36. Qh5 Be8 37. Qe2 Rxg3 38. Kxg3 Qf6 39. Ng4 fxg4 40. Qxe4 gxh3 0-1


[Site "https://www.chess.com"]

[Event "Titled Tuesday Blitz March 29 Late 2022"]
[White "Piliczewski, Bogusz"]
[Black "Kozina, Anastasia"]
[WhiteFideId "1104144"]
[BlackFideId "24174017"]
[WhiteElo "1896"]
[BlackElo "1993"]
[Result "0-1"]
[Round "06"]
[TimeControl "180+1"]
[Date "2022.03.30"]
[WhiteClock "0:00:02"]
[BlackClock "0:00:27"]

1. d4 e6 2. Nf3 Nf6 3. Bf4 b6 4. e3 Bb7 5. Be2 Be7 6. O-O O-O 7. h3 c5 8. c3 Nc6 9. Nbd2 d5 10. Bh2 Qc8 11. Ne5 Nxe5 12. dxe5 Nd7 13. f4 Ba6 14. c4 Rd8 15. b3 Nf8 16. Qc2 Qd7 17. Bf3 d4 18. Bxa8 Rxa8 19. Qe4 Bb7 20. Qd3 Qc6 21. e4 Rd8 22. Rf2 Bh4 23. g3 Be7 24. Rd1 Nd7 25. Re2 f5 26. exf6 Nxf6 27. g4 Rf8 28. Bg3 Ne8 29. Kh2 Bd6 30. e5 Be7 31. Ne4 g6 32. Rf1 Ng7 33. h4 Qc8 34. Ng5 Qe8 35. h5 Bxg5 36. fxg5 Rxf1 37. Re1 Rf3 38. Qd1 Qf7 39. h6 Ne8 40. Qe2 Nc7 41. Kg1 Rxg3+ 42. Kh2 Rg2+ 43. Qxg2 Bxg2 44. Kxg2 Qe7 45. Rf1 Qxg5 46. Kg3 Qe3+ 47. Rf3 Qxe5+ 48. Kh3 Qe4 49. Rg3 d3 50. g5 d2 51. Rg1 Qf3+ 52. Kh4 d1=Q 0-1


[Site "https://www.chess.com"]

[Event "Titled Tuesday Blitz March 29 Late 2022"]
[White "Pourkashiyan, Atousa"]
[Black "Taichman, Ori"]
[WhiteFideId "12502014"]
[BlackFideId "2804069"]
[WhiteElo "2247"]
[BlackElo "2227"]
[Result "0-1"]
[Round "06"]
[TimeControl "180+1"]
[Date "2022.03.30"]
[WhiteClock "0:00:02"]
[BlackClock "0:00:15"]

1. e4 b6 2. d4 Bb7 3. Nc3 e6 4. Nf3 Bb4 5. Bd3 Nf6 6. e5 Ne4 7. Bd2 Nxd2 8. Qxd2 Bxf3 9. gxf3 Qh4 10. Be4 Nc6 11. a3 Be7 12. Nb5 O-O-O 13. Qc3 Kb7 14. a4 a6 15. O-O-O Qxf2 16. Kb1 f5 17. exf6 Bxf6 18. Rd2 Qh4 19. Rhd1 d5 20. Bd3 axb5 21. Bxb5 Na5 22. b4 Nc4 23. Bxc4 dxc4 24. Qxc4 Rd5 25. c3 Rhd8 26. Re2 Qh3 27. Rde1 R8d6 28. Rxe6 Qxf3 29. Rxd6 Rxd6 30. a5 Rc6 31. a6+ Ka7 32. Qg8 Qxc3 33. Re2 Bxd4 34. Ra2 Qc1# 0-1


[Site "https://www.chess.com"]